 Dungeon Crawl Stone Soup version 0.32-a0-673-g3729bd5 (webtiles) character file.

Game seed: 5072178552062758239

2050 sol1234 the Thaumaturge (level 9, 0/64 HPs)
             Began as a Djinni Conjurer on Mar 10, 2024.
             Killed from afar by a white imp (7 damage)
             ... with a puff of frost
             ... on level 5 of the Dungeon.
             The game lasted 00:14:56 (5722 turns).

sol1234 the Thaumaturge (Djinni Conjurer)           Turns: 5722, Time: 00:14:57

Health: 0/64       AC:  4    Str:  6    XL:     9   Next: 49%
Gold:   261        EV: 12    Int: 25    God:
                   SH:  0    Dex: 11

rFire   + + .        (no weapon)
rCold   x . .        (no shield)
rNeg    . . .        a - +0 robe
rPois   ∞            k - +0 helmet
rElec   .            g - scarf {shadows}
rCorr   .            B - +0 pair of gloves
SInv    .            (boots unavailable)
Will    .....        (no amulet)
Stlth   ++           y - ring of wizardry
HPRegen 0.30/turn    (no ring)
MPRegen 0.00/turn

%: wizardry (x1), infuse magic (-1 HP)
@: flying
A: sickness immunity, fire resistance 2, cold vulnerability 1, float, innate
caster, HP casting, extra vitality 1
a: no special abilities


You were on level 5 of the Dungeon.
You visited 2 branches of the dungeon, and saw 7 of its levels.
You also visited: Sewer.

You collected 261 gold pieces.

Inventory:

Missiles
 p - 2 throwing nets
Armour
 a - a +0 robe (worn)
 g - a scarf of shadows (worn)
 k - a +0 helmet (worn)
 B - a +0 pair of gloves (worn)
Jewellery
 q - a ring of ice
 y - a ring of wizardry (left hand)
Wands
 v - a wand of charming (13)
Scrolls
 b - 2 scrolls of revelation {unknown}
 c - 4 scrolls of teleportation {unknown}
 d - a scroll of poison {unknown}
 i - 2 scrolls of amnesia {unknown}
 j - 3 scrolls of enchant armour {unknown}
 l - 3 scrolls of enchant weapon {unknown}
 n - a scroll of fear {unknown}
 t - 3 scrolls of identify {unknown}
 x - a scroll of blinking {unknown}
 z - a scroll of immolation {unknown}
 A - a scroll of vulnerability {unknown}
Potions
 e - 3 potions of heal wounds
 f - a potion of mutation {unknown}
 h - 3 potions of curing {unknown}
 m - a potion of invisibility {unknown}
 o - 3 potions of brilliance {unknown}
 r - a potion of might {unknown}
 s - a potion of haste {unknown}
 u - a potion of ambrosia {unknown}
 w - 2 potions of resistance {unknown}


   Skills:
 + Level 4.9 Fighting
 - Level 3.1 Dodging
 - Level 2.3 Stealth
 + Level 8.8 Spellcasting
 + Level 8.8 Conjurations
 + Level 8.8 Hexes
 + Level 8.8 Summonings
 + Level 8.8 Necromancy
 + Level 8.8 Translocations
 + Level 8.8 Fire Magic
 + Level 8.8 Ice Magic
 + Level 8.8 Air Magic
 + Level 8.8 Earth Magic
 + Level 8.8 Alchemy


You knew the following spells:

 Your Spells              Type           Power      Damage    Failure   Level
a - Magic Dart            Conj           100%       1d8       1%          1
b - Searing Ray           Conj           100%       2d8       1%          2
c - Fulminant Prism       Conj/Alch      26%        3d14      1%          4
d - Iskenderun's Mystic   Conj/Tloc      53%        2d11      1%          4
e - Slow                  Hex            100%       N/A       1%          1
f - Jinxbite              Hex            100%       N/A       1%          2
g - Confusing Touch       Hex            53%        N/A       1%          3
h - Sigil of Binding      Hex            53%        N/A       1%          3
Your spell library was empty.

Dungeon Overview and Level Annotations

Branches:
Dungeon (6/15)             Temple (1/1) D:5           Sewer (visited)

Altars:
Ashenzari
Cheibriados
Hepliaklqana
Okawaru
Ru
Trog
Wu Jian
Xom
Yredelemnul

Shops:
D:1 !

Annotations:
D:6 Maggie


Innate Abilities, Weirdness & Mutations

You are immune to sickness and miasma.
You are immune to poison.
Your flesh is very heat resistant. (rF++)
You are vulnerable to cold. (rC-)
You float through the air rather than walking.
You learn spells naturally, not from books.
Your magical power is your life essence.
You have superior vitality. (+4 MHP)


Message History

The searing ray hits the centaur.
You kill the centaur!
The hound bites you.
Casting: Searing Ray (safe; 1% risk of failure)
Confirm with . or Enter, or press ? or * to list all spells.
You erupt in a blast of force!
The mystic blast hits the orc!
You kill the orc!
The mystic blast hits the hound!
The hound is almost dead.
The hound is knocked back by the mystic blast.
* * * LOW HITPOINT WARNING * * *
You hear a loud, deep croak!
The white imp gestures at you. The puff of frost misses you.
The white imp barely misses you.
Things that are here:
a +0 club; a +0 leather armour; a +0 orcbow A bullfrog comes into view.
The white imp closely misses you.
The white imp attacks as it pursues you!
The white imp hits you.
* * * LOW HITPOINT WARNING * * *
The white imp freezes you.
You feel a terrible chill!
* * * LOW HITPOINT WARNING * * *
The hound pauses to sniff the ground.
There is a stone staircase leading up here.
The white imp closely misses you.
You fly upwards.
There is a stone staircase leading down here.
Casting: Iskenderun's Mystic Blast (dangerous; 1% risk of failure)
Confirm with . or Enter, or press ? or * to list all spells.
You erupt in a blast of force!
The mystic blast hits the white imp.
The white imp is moderately wounded.
The white imp is knocked back by the mystic blast.
The white imp slams into the stone wall!
The white imp is almost dead.
* * * LOW HITPOINT WARNING * * *
The white imp gestures at you. The puff of frost hits you!
You feel a terrible chill!
You die...

###.........#..............
#........#............#....
#####'####..###............
#......##..####...........
#.~~~~.#.....^#.##........
#.≈≈≈~.#......####.......#
#.≈≈≈~.#...##..##.........
#.~~≈≈.#.......###.....#.#
#.~~≈≈.#5@.....#.......#..
#.≈≈≈~.#...#......#..##..#
#.~≈≈~.##.........#..##...
#.~≈≈~.##....<.####.##..).
#.~≈≈~.#.........##.<)..).
#.~~~~.##............)....
#.~≈≈~.##.........#..)....
#.~~~~.##.........##....÷.
#......#..........##......


You could see a white imp.

Vanquished Creatures
  Sigmund (D:2)
  A water moccasin (D:6)
  A black bear (D:3)
  An ogre (D:4)
  2 centaurs (D:6)
  2 bullfrogs (Sewer)
  3 scorpions
  4 killer bees
  A howler monkey (D:5)
  A gnoll bouda (D:5)
  2 hounds
  A jelly (D:5)
  A bombardier beetle (D:3)
  Crazy Yiuf (D:2)
  6 orc priests
  Jessica (D:3)
  3 iguanas (D:5)
  3 orc wizards
  8 gnolls
  11 adders
  6 river rats
  A white imp (D:6)
  4 dart slugs
  3 ribbon worms
  20 orcs
  12 endoplasms
  3 giant cockroaches
  7 goblins
  8 hobgoblins
  7 kobolds
  4 quokkas
  14 ball pythons
  12 bats
  4 frilled lizards
  28 rats
187 creatures vanquished.

Vanquished Creatures (others)
  9 fulminant prisms
9 creatures vanquished.

Grand Total: 196 creatures vanquished

Notes
Turn   | Place    | Note
-------+----------+-------------------------------------------
     0 | D:1      | sol1234 the Djinni Conjurer began the quest for the Orb.
     0 | D:1      | sol1234 set off with the following spells memorised: Magic
                  | Dart, Searing Ray, Fulminant Prism, Iskenderun's Mystic
                  | Blast.
     0 | D:1      | Reached XP level 1. HP: 15/15 MP: 0/0
    80 | D:1      | Reached XP level 2. HP: 20/21 MP: 0/0
   434 | D:1      | Reached XP level 3. HP: 24/25 MP: 0/0
   434 | D:1      | Learned a level 1 spell: Slow
   510 | D:1      | Found Tujat's Distillery.
   579 | D:1      | Found a faded altar of an unknown god.
  1115 | D:2      | Noticed Sigmund
  1120 | D:2      | Killed Sigmund
  1121 | D:2      | Reached skill level 5 in Spellcasting
  1121 | D:2      | Reached skill level 5 in Conjurations
  1121 | D:2      | Reached skill level 5 in Hexes
  1121 | D:2      | Reached skill level 5 in Summonings
  1121 | D:2      | Reached skill level 5 in Necromancy
  1121 | D:2      | Reached skill level 5 in Translocations
  1121 | D:2      | Reached skill level 5 in Fire Magic
  1121 | D:2      | Reached skill level 5 in Ice Magic
  1121 | D:2      | Reached skill level 5 in Air Magic
  1121 | D:2      | Reached skill level 5 in Earth Magic
  1121 | D:2      | Reached skill level 5 in Alchemy
  1121 | D:2      | Reached XP level 4. HP: 24/31 MP: 0/0
  1121 | D:2      | Reached XP level 5. HP: 27/35 MP: 0/0
  1121 | D:2      | Learned a level 2 spell: Jinxbite
  1121 | D:2      | Reached XP level 6. HP: 31/40 MP: 0/0
  1462 | D:2      | Found a runed translucent door.
  1463 | D:2      | Noticed Crazy Yiuf
  1470 | D:2      | Killed Crazy Yiuf
  1691 | D:3      | Noticed a black bear
  1698 | D:3      | Killed a black bear
  1870 | D:3      | Reached XP level 7. HP: 44/46 MP: 0/0
  1870 | D:3      | Learned a level 3 spell: Confusing Touch
  2054 | D:3      | Noticed Jessica
  2057 | D:3      | Killed Jessica
  2634 | D:4      | Reached skill level 1 in Fighting
  3121 | D:4      | HP: 1/47 [orc priest/+0 mace (3)]
  3124 | D:4      | Reached XP level 8. HP: 26/53 MP: 0/0
  3747 | D:5      | Entered Level 5 of the Dungeon
  4288 | D:5      | Found a staircase to the Ecumenical Temple.
  4377 | D:5      | Found a glowing drain.
  4381 | Sewer    | Entered a sewer
  4756 | Sewer    | Reached XP level 9. HP: 25/61 MP: 0/0
  4756 | Sewer    | Learned a level 3 spell: Sigil of Binding
  5113 | Temple   | Entered the Ecumenical Temple
  5522 | D:6      | Noticed Maggie
  5722 | D:5      | Killed from afar by a white imp

Illustrated notes

Levels and vault maps discovered:
D:1:      grunt_arrival_lava_bath, layout_loops_ring,
          chequers_ecumenical_altar_simple_redux, serial_shops,
          nicolae_shop_rolling_square
D:2:      layout_basic, uniq_sigmund, uniq_crazy_yiuf_cottage
D:3:      layout_basic, uniq_jessica
D:4:      layout_cave_pods, grunt_decor_mini_mirrors
D:5:      layout_cave_pools, minmay_temple_entry_statues, gup_sewer_entry_bowl,
          serial_column_ruins, column_ruins_hut, column_ruins_open_tiny,
          column_ruins_corridor_dead_end, column_ruins_grid_1,
          column_ruins_grid_3, column_ruins_open_large, column_ruins_grid_1,
          nrook_pool_corridor, minmay_puff
D:6:      layout_rooms, mainiacjoe_overflow_alcove_2, nicolae_letterblocks
          [nicolae_letter_subblock, nicolae_letter_subblock,
          nicolae_letter_subblock, nicolae_letter_subblock,
          nicolae_letter_subblock, nicolae_letter_subblock,
          nicolae_letter_subblock, nicolae_letter_subblock,
          nicolae_letter_subblock, nicolae_letter_subblock,
          nicolae_letter_subblock, nicolae_letter_subblock,
          nicolae_letter_subblock, nicolae_letter_subblock,
          nicolae_letter_subblock, nicolae_letter_subblock,
          nicolae_letter_subblock, nicolae_letter_subblock,
          nicolae_letter_subblock, nicolae_letter_subblock,
          nicolae_letter_subblock, nicolae_letter_subblock,
          nicolae_letter_subblock, nicolae_letter_subblock,
          nicolae_letter_subblock], uniq_maggie
Temple:   minmay_freezing_vapour_temple

Skill      XL: |  1  2  3  4  5  6  7  8  9 |
---------------+----------------------------+-----
Stealth        | 2 |  2.3
Dodging        | 3 |  3.1
Spellcasting   | 5 6 8 |  8.8
Conjurations   | 5 6 8 |  8.8
Hexes          | 5 6 8 |  8.8
Summonings     | 5 6 8 |  8.8
Necromancy     | 5 6 8 |  8.8
Translocations | 5 6 8 |  8.8
Fire Magic     | 5 6 8 |  8.8
Ice Magic      | 5 6 8 |  8.8
Air Magic      | 5 6 8 |  8.8
Earth Magic    | 5 6 8 |  8.8
Alchemy        | 5 6 8 |  8.8
Fighting       | 1 3 4 |  4.9

Action                     |  1- 3 |  4- 6 |  7- 9 || total
---------------------------+-------+-------+-------++-------
  Melee: Unarmed           |       |       |     2 ||     2
   Cast: Magic Dart        |    75 |    31 |   243 ||   349
         Searing Ray       |     2 |     1 |    18 ||    21
         Fulminant Prism   |       |     2 |     7 ||     9
         Jinxbite          |       |     1 |     1 ||     2
         Iskenderun's Myst |       |       |    16 ||    16
         Sigil of Binding  |       |       |     2 ||     2
    Use: Potion            |       |       |     1 ||     1
 Armour: Robe              |     5 |     5 |    45 ||    55
  Dodge: Dodged            |     8 |     3 |    72 ||    83

Table legend: (Time is in decaauts)
 A = Elapsed time spent in this place.
 B = Non-inter-level travel time spent in this place.
 C = Inter-level travel time spent in this place.
 D = Time resting spent in this place.
 E = Time spent auto-exploring this place.
 F = Levels seen in this place.
 G = Mean time per level.
                   A        B        C        D        E       F      G
               +--------+--------+--------+--------+--------+-----+--------+
         Total |   5720 |   5514 |    206 |    251 |   4502 |   8 |  715.0 |
       Dungeon |   5189 |   4983 |    206 |    251 |   4067 |   6 |  864.8 |
        Temple |      1 |      1 |      0 |      0 |      0 |   1 |    1.0 |
         Sewer |    529 |    529 |      0 |      0 |    435 |   1 |  529.0 |
               +--------+--------+--------+--------+--------+-----+--------+

Top non-repeatable levels by time:
     D:5: 1340 daAuts
     D:4: 1315 daAuts
     D:2: 893 daAuts
     D:3: 806 daAuts
     D:1: 730 daAuts
   Sewer: 529 daAuts
     D:6: 102 daAuts
  Temple: 1 daAuts
